 Dungeon Crawl Stone Soup version 0.28.0-53-g5a82cb258f (webtiles) character file.

Game seed: 4831519768416990255

4462 cbfl8 the Cleaver (level 10, 0/136 HPs)
             Began as a Minotaur Berserker on July 26, 2022.
             Was an Elder of Trog.
             Succumbed to a killer bee's poison
             ... on level 8 of the Dungeon.
             The game lasted 00:09:52 (9106 turns).

cbfl8 the Cleaver (Minotaur Berserker)              Turns: 9106, Time: 00:09:52

Health: 0/136      AC: 16    Str: 21    XL:     10   Next: 15%
Magic:  9/9        EV: 22    Int:  4    God:    Trog [****..]
Gold:   306        SH:  8    Dex: 15    Spells: 9/9 levels left

rFire   . . .      SeeInvis .   D - +0 war axe
rCold   + . .      Faith    .   a - +0 kite shield
rNeg    . . .      Spirit   .   r - +0 plate armour
rPois   .          Reflect  .   (helmet restricted)
rElec   .          Harm     .   (no cloak)
rCorr   +          Rampage  .   w - +0 pair of gloves
Will    .....                   E - +1 pair of boots
Stlth   ..........              l - amulet of the acrobat
HPRegen 0.32/turn               A - ring of resist corrosion
MPRegen 0.11/turn               i - ring of protection from cold

@: berserking (expiring), lethally poisoned (0 -> -8), acrobatic, very quick
A: horns 2, retaliatory headbutt
a: Renounce Religion, Berserk, Trog's Hand, Brothers in Arms


You were on level 8 of the Dungeon.
You worshipped Trog.
Trog was greatly pleased with you.
You visited 2 branches of the dungeon, and saw 9 of its levels.

You collected 306 gold pieces.

Inventory:

Hand Weapons
 D - a +0 war axe (weapon)
Missiles
 d - 3 throwing nets
Armour
 a - a +0 kite shield (worn)
 g - a scarf of harm
 r - a +0 plate armour (worn)
 w - a +0 pair of gloves (worn)
 x - a +0 chain mail
 E - a +1 pair of boots (worn)
 F - a +2 ring mail of cold resistance
Jewellery
 i - a ring of protection from cold (right hand)
 l - an amulet of the acrobat (around neck)
 A - a ring of resist corrosion (left hand)
Wands
 s - a wand of digging (4)
 B - a wand of polymorph (4)
 G - a wand of flame (16) (quivered)
Scrolls
 b - a scroll of blinking {unknown}
 e - 2 scrolls of fog {unknown}
 h - a scroll of brand weapon
 m - a scroll of teleportation
 v - a scroll of vulnerability {unknown}
 y - 2 scrolls of magic mapping
 C - 2 scrolls of noise {unknown}
 H - a scroll of acquirement {unknown}
 I - a scroll of holy word {unknown}
 J - a scroll of enchant weapon {unknown}
Potions
 c - a potion of heal wounds {unknown}
 f - a potion of flight {unknown}
 j - a potion of ambrosia {unknown}
 k - 5 potions of curing {unknown}
 n - a potion of berserk rage {unknown}
 o - a potion of mutation {unknown}
 p - a potion of might {unknown}
 q - a potion of attraction {unknown}
 u - 2 potions of lignification
 z - 2 potions of haste


   Skills:
 * Level 9.0 Fighting
 + Level 10.0 Axes
 + Level 5.9 Armour
 * Level 6.6 Dodging
 * Level 5.1 Stealth
 + Level 1.9 Shields
 * Level 4.0 Evocations


You had 9 spell levels left.
You didn't know any spells.
Your spell library was empty.

Dungeon Overview and Level Annotations

Branches:
Dungeon (8/15)             Temple (1/1) D:7
   Lair: D:8-11

Altars:
Elyvilon
Gozag
Kikubaaqudgha
Nemelex Xobeh
Ru
Wu Jian
Zin
The Shining One


Innate Abilities, Weirdness & Mutations

You have a pair of horns on your head.
You reflexively headbutt those who attack you in melee.


Message History

You slice the killer bee!!
You kill the killer bee!
Trog accepts your kill.
You hit the killer bee.
* * * LOW HITPOINT WARNING * * *
You feel very sick. The killer bee barely misses you.
The killer bee stings you but does no damage.
You block the gnoll sergeant's attack.
The killer bee stings you but does no damage.
The killer bee completely misses you. You furiously retaliate!
You headbutt the killer bee!!
You feel the power of Trog in you as your rage grows.
You kill the killer bee!
Trog accepts your kill.
You are too berserk!
You slash the killer bee! You headbutt the killer bee.
You feel the power of Trog in you as your rage grows.
You kill the killer bee!
Trog accepts your kill.
* * * LOW HITPOINT WARNING * * *
You feel very sick. You block the gnoll sergeant's attack.
* * * LOW HITPOINT WARNING * * *
You feel sick.
The gnoll sergeant completely misses you.
You slice the gnoll sergeant!!
You kill the gnoll sergeant!
Trog accepts your kill.
* * * LOW HITPOINT WARNING * * *
You feel sick.
There is a lethal amount of poison in your body!
There is a lethal amount of poison in your body!
There is a lethal amount of poison in your body!
You are too berserk!
* * * LOW HITPOINT WARNING * * *
You feel sick.
You are too berserk!
You feel a strong urge to attack something.
You die...

........................#
..........)^............#
........................#
...............####.....#
##'#####'###+###..#.....#
....#......# ....#.....#
....#......# ...#.....#
....+.....## #))#.....#
#.###+###'# #@)#.....#
#.###.##..##...#).#.....#
...............#.†(.....#
...............#..#.....#
.###.###..##...+..#.....#
.###.###..# #+##..#.....#
..........# #..#######
............ ....
.#######..## .....


There were no monsters in sight!

Vanquished Creatures
  Harold (D:7)
  Pikel (D:5)
  Grinder (D:6)
  Sigmund (D:4)
  A steam dragon (D:8)
  Menkaure (D:6)
  Edmund (D:4)
  Duvessa (D:7)
  An ice beast (D:6)
  An orc warrior (D:8)
  2 necrophages
  An ogre (D:4)
  3 lemures (D:5)
  A centaur (D:7)
  2 phantoms
  2 kobold brigands
  2 gnoll sergeants
  A scorpion (D:5)
  A water moccasin zombie (D:5)
  Dowan (D:7)
  A wyvern skeleton (D:7)
  5 killer bees (D:8)
  3 wights (D:7)
  A bullfrog zombie (D:5)
  A centaur zombie (D:8)
  5 orc priests
  2 bullfrog skeletons
  2 centaur skeletons
  A hound (D:4)
  4 jellies
  2 iguanas
  Jessica (D:3)
  6 orc wizards
  A scorpion zombie (D:3)
  A killer bee zombie (D:6)
  10 gnolls
  15 adders
  A howler monkey skeleton (D:7)
  A shadow imp (D:8)
  2 white imps (D:6)
  2 ufetubi
  A worm (D:4)
  3 dart slugs
  24 orcs
  18 ball pythons
  5 bats
  18 endoplasms
  4 giant cockroaches
  3 goblins
  9 hobgoblins
  5 jackals
  2 quokkas
  A frilled lizard (D:2)
  19 kobolds
  3 rats
208 creatures vanquished.

Vanquished Creatures (others)
  A gnoll (D:8)
  4 fungi (D:3)
  9 toadstools (D:3)
  A withered plant (D:1)
15 creatures vanquished.

Grand Total: 223 creatures vanquished

Notes
Turn   | Place    | Note
-------+----------+-------------------------------------------
     0 | D:1      | cbfl8 the Minotaur Berserker began the quest for the Orb.
     0 | D:1      | Reached XP level 1. HP: 19/19 MP: 0/0
    90 | D:1      | Reached XP level 2. HP: 10/27 MP: 1/1
   459 | D:1      | Found a faded altar of an unknown god.
   924 | D:1      | Reached skill level 4 in Axes
  1096 | D:1      | Reached XP level 3. HP: 28/34 MP: 2/2
  1362 | D:2      | Reached ** piety under Trog
  1829 | D:2      | Reached XP level 4. HP: 38/41 MP: 3/3
  2914 | D:3      | Noticed Jessica
  2925 | D:3      | Reached skill level 5 in Fighting
  2925 | D:3      | Reached skill level 1 in Stealth
  2925 | D:3      | Reached XP level 5. HP: 48/48 MP: 4/4
  2926 | D:3      | Killed Jessica
  2979 | D:3      | Found an ancient bone altar of Kikubaaqudgha.
  3291 | D:3      | Reached skill level 5 in Axes
  3294 | D:3      | Reached XP level 6. HP: 56/56 MP: 5/5
  3296 | D:3      | Reached *** piety under Trog
  3867 | D:4      | Noticed Sigmund
  3874 | D:4      | Killed Sigmund
  4228 | D:4      | Found a white marble altar of Elyvilon.
  4236 | D:4      | Reached XP level 7. HP: 56/62 MP: 6/6
  4242 | D:4      | Reached skill level 6 in Axes
  4274 | D:4      | Noticed Edmund
  4292 | D:4      | Killed Edmund
  4552 | D:4      | Reached skill level 1 in Evocations
  4600 | D:4      | Found a glowing silver altar of Zin.
  5397 | D:5      | Entered Level 5 of the Dungeon
  5399 | D:5      | Noticed Pikel
  5415 | D:5      | Killed Pikel
  5416 | D:5      | Reached skill level 7 in Axes
  5416 | D:5      | Reached skill level 5 in Dodging
  5416 | D:5      | Reached XP level 8. HP: 73/73 MP: 7/7
  5584 | D:5      | Found an ornate altar of the Wu Jian Council.
  6183 | D:6      | Reached skill level 8 in Axes
  6189 | D:6      | Reached **** piety under Trog
  6327 | D:6      | Noticed Grinder
  6338 | D:6      | Killed Grinder
  6339 | D:6      | Reached XP level 9. HP: 79/79 MP: 8/8
  6706 | D:6      | Reached skill level 5 in Armour
  6877 | D:6      | Noticed Menkaure
  6883 | D:6      | Killed Menkaure
  6992 | D:7      | Reached skill level 9 in Axes
  7184 | D:7      | Found a staircase to the Ecumenical Temple.
  7364 | D:7      | Noticed Duvessa
  7376 | D:7      | Reached ***** piety under Trog
  7381 | D:7      | Noticed Dowan
  7386 | D:7      | Killed Duvessa
  7392 | D:7      | Killed Dowan
  7726 | D:7      | Noticed Harold
  8186 | D:7      | Killed Harold
  8187 | D:7      | Reached skill level 5 in Stealth
  8187 | D:7      | Reached skill level 1 in Shields
  8187 | D:7      | Reached XP level 10. HP: 90/90 MP: 9/9
  8189 | Temple   | Entered the Ecumenical Temple
  8291 | D:7      | Found an opulent altar of Gozag.
  8362 | D:7      | Found a glowing golden altar of the Shining One.
  8551 | D:7      | Found a sparkling altar of Nemelex Xobeh.
  8901 | D:8      | Found a sacrificial altar of Ru.
  9098 | D:8      | Reached skill level 10 in Axes
  9102 | D:8      | HP: 6/136 [poisoned by a killer bee]
  9104 | D:8      | HP: 2/136 [poisoned by a killer bee]
  9106 | D:8      | Succumbed to a killer bee's poison

Illustrated notes

Levels and vault maps discovered:
D:1:      minmay_arrival_arboretum_small, layout_rooms,
          ebering_ecumenical_altar_petrified
D:2:      layout_basic
D:3:      cheibrodos_fertilizer, layout_basic, lemuel_doored_altar, uniq_jessica
D:4:      layout_basic, mainiacjoe_overflow_catwalk, general_overflow_altar,
          uniq_sigmund, uniq_edmund
D:5:      nicolae_cairo_tiling_large_dashed, layout_basic,
          mainiacjoe_overflow_chevrons, uniq_pikel
D:6:      layout_rooms, uniq_menkaure, uniq_grinder
D:7:      layout_cave_pools, tso_oasis_becter, lemuel_round_altar,
          nicolae_gozag_seed_capital, minmay_temple_entry_wispy, st_stairs_11,
          uniq_duvessa, uniq_harold
D:8:      layout_gridville, kennysheep_little_box, david_lair_shrubbed
Temple:   jpeg_temple_island

Skill      XL: |  1  2  3  4  5  6  7  8  9 10 |
---------------+-------------------------------+-----
Fighting       | 4 5 7 8 9 |  9.0
Axes           | 4 5 7 8 9 10 | 10.0
Dodging        | 3 4 5 6 |  6.6
Stealth        | 1 2 3 4 5 |  5.1
Armour         | 4 5 |  5.9
Evocations     | 2 3 4 |  4.0
Shields        | 1 |  1.9

Action                   |  1- 3 |  4- 6 |  7- 9 | 10-12 || total
-------------------------+-------+-------+-------+-------++-------
Melee: Hand axe          |    82 |   102 |   111 |       ||   295
       Headbutt          |    15 |    20 |    48 |    13 ||    96
       Punch             |     1 |       |     4 |       ||     5
       War axe           |       |       |   170 |    41 ||   211
Invok: Berserk           |       |     3 |     9 |     1 ||    13
       Trog's Hand       |       |       |     1 |       ||     1
Evoke: Wand              |       |       |     1 |       ||     1
  Use: Scroll            |       |       |    10 |       ||    10
 Stab: Sleeping          |       |     3 |       |       ||     3
Armor: Animal skin       |    22 |    10 |       |       ||    32
       Scale mail        |       |    12 |       |       ||    12
       Leather armour    |       |     2 |       |       ||     2
       Chain mail        |       |       |   133 |    12 ||   145
       Plate armour      |       |       |       |    25 ||    25
Dodge: Dodged            |    61 |    64 |   139 |    17 ||   281
Block: Kite shield       |       |       |    37 |    29 ||    66
